[Event "*** Titled Tuesday Blitz"]
[Site "Chess.com"]
[Date "2020.04.21"]
[Round "9"]
[White "MikaelyanArman"]
[Black "Leonid_Starozhilov"]
[Result "1/2-1/2"]
[WhiteElo "2746"]
[BlackElo "2643"]
[TimeControl "180+1"]
[EndTime "11:51:46 PDT"]
[Termination "Game drawn - insufficient material"]

1. e4 g6 2. d4 Bg7 3. Nf3 d6 4. Bc4 Nf6 5. Qe2 Nc6 6. h3 e5 7.
dxe5 Nxe5 8. Nxe5 dxe5 9. Nc3 c6 10. Be3 Qe7 11. O-O O-O 12. a4 a5 13. Rfd1 Nh5 14.
Qf3 Be6 15. Bxe6 Qxe6 16. Bc5 Rfd8 17. Rxd8+ Rxd8 18. Bb6 Ra8 19. Rd1 Nf4 20. Ne2 c5 21.
Bxc5 Qc4 22. Nxf4 exf4 23. Ba3 Qxc2 24. Rd5 Bxb2 25. Bxb2 Qxb2 26. Kh2 Qb4 27. Qxf4 Qxa4 28. h4 Re8 29. f3 h5 30. Qc7 Qc6 31. Qxa5 Qf6 32.
Qe1 Re5 33. Rd7 Re7 34. Rd8+ Kg7 35. Rd5 Re5 36. Qg3 Re7 37. Rd6 Qe5 38. Qxe5+ Rxe5 39. Rb6 Re7 40. Kg3 Rc7 41. Kf4 Re7 42. g3 Rc7 43. g4 hxg4 44. Kxg4 Re7 45. Kf4 Rc7 46. Ke5 Rc3 47. Kf4 Rc7 48. Kg4 Rd7 49. f4 Re7 50. e5 Rc7 51. h5 gxh5+ 52. Kxh5 Kf8 53. Kg5 Ke7 54. f5 Rd7 55. f6+ Kd8 56. Kf5 Kc7 57. Rb2 b6 58. Rc2+ Kb7 59. Rg2 b5 60. Ke4 Kc6 61. e6 fxe6 62. Ke5 b4 63. Kxe6 Rd8 64.
f7 Kc5 65. Rc2+ Kb5 66. Rd2 Ra8 67. Ke7 b3 68. Rd8 Rxd8 69. Kxd8 b2 70. f8=Q b1=Q 71. Qd6 Qb4 72. Qd7+ Kc4 73. Qc6+ Kb3 74. Qd7 Qc5 75. Qc7 Qf2 76. Kd7 Qf3 77. Kc8 Qc3 78.
Qxc3+ Kxc3 1/2-1/2

[Event "*** Titled Tuesday Blitz"]
[Site "Chess.com"]
[Date "2020.04.21"]
[Round "9"]
[White "AlexOstrovskiy"]
[Black "GMMarcinDziuba"]
[Result "0-1"]
[WhiteElo "2514"]
[BlackElo "2692"]
[TimeControl "180+1"]
[EndTime "11:51:49 PDT"]
[Termination "GMMarcinDziuba won by checkmate"]

1. d4 Nf6 2. Bg5 Ne4 3. h4 c5 4. d5 Nxg5 5. hxg5 g6 6. Nd2 Bg7 7. c3 b5 8. e4 b4 9. Qc2 bxc3 10.
bxc3 d6 11. Bb5+ Bd7 12. a4 Qa5 13. Bxd7+ Nxd7 14. Ne2 Qa6 15. a5 O-O 16. Ra3 Rab8 17. c4 Rb2 18. Qd3 Rfb8 19. f4 Nf8 20. Kf2 e6 21.
Rd1 exd5 22. exd5 Qc8 23. Ne4 Qf5 24. Kf1 Re8 25. N4g3 Qg4 26. Qf3 Qh4 27. Re1 h6 28.
Re3 Rxe3 29. Qxe3 hxg5 30. fxg5 Be5 31. Qf3 Qxg5 32. Ne4 Qh4 33. g3 Qh3+ 34. Qg2 Qf5+ 35. Nf2 Nd7 36. g4 Qc2 37. Ne4 Qxc4 38. Qf3 Rb3 39. Qh1 Qd3 40. Qg2 Nf6 41. Nxf6+ Bxf6 42. Qf2 Bd4 43. Qg2 Qf3+ 44. Qxf3 Rxf3+ 45. Kg2 Ra3 46. Nxd4 cxd4 47. Re8+ Kg7 48. Rd8 Rxa5 49. Rxd6 Rc5 50. Kf2 a5 51. Ke2 a4 52. Kd3 a3 53. Ra6 Rxd5 54.
Rxa3 Kf6 55. Ra7 Rd6 56. g5+ Ke6 57. Rb7 Rd5 58. Rb6+ Rd6 59. Rb7 Rd7 60. Rb6+ Kf5 61. Rb5+ Kg4 62. Ra5 Kf4 63. Rb5 Re7 64. Kxd4 Rd7+ 65.
Kc4 Kg4 66. Ra5 Rd1 67. Kc3 Rf1 68. Kd3 Rf5 69. Ra7 Kxg5 70. Ke4 Kg4 71. Ra8 Rf1 72. Ke3 Rf3+ 73. Ke2 g5 74. Ra4+ Rf4 75. Ra5 f5 76. Ke3 Kg3 77. Ke2 Re4+ 78. Kf1 Kg4 79. Ra3 f4 80. Kg2 Rb4 81. Ra2 Kh4 82. Kf2 g4 83.
Kg2 Rb3 84. Kf2 f3 85. Kf1 Kg3 86. Kg1 Rb1# 0-1

[Event "*** Titled Tuesday Blitz"]
[Site "Chess.com"]
[Date "2020.04.21"]
[Round "9"]
[White "imdarealist"]
[Black "Olga_Girya"]
[Result "1/2-1/2"]
[WhiteElo "2324"]
[BlackElo "2463"]
[TimeControl "180+1"]
[EndTime "11:52:03 PDT"]
[Termination "Game drawn - insufficient material"]

1. d4 d5 2. Bf4 c5 3. e3 cxd4 4. exd4 Nc6 5. c3 Bf5 6. Qb3 Qd7 7. Nf3 f6 8. Bb5 e6 9. O-O g5 10. Be3 Bd6 11. c4 Nge7 12. c5 Bc7 13. Bd3 Bxd3 14.
Qxd3 Nf5 15. Nc3 g4 16. Nd2 h5 17. Rab1 Kf7 18. b4 h4 19. b5 Nce7 20. g3 Rag8 21.
Rfe1 hxg3 22. fxg3 Rxh2 23. Kxh2 Bxg3+ 24. Kg2 Bxe1 25. Rxe1 Qc7 26. Bf2 Qf4 27. Ne2 Qg5 28. Ng3 Nh4+ 29. Kf1 f5 30. Qe3 Qxe3 31. Bxe3 Neg6 32. Ne2 g3 33.
Nf4 Nxf4 34. Bxf4 Rg4 35. Be3 f4 36. Bg1 f3 37. Re3 f2 38. Bxf2 gxf2 39. Nf3 Nxf3 40.
Rxf3+ Ke7 41. Rd3 Rf4 42. a4 Kd7 43. a5 a6 44. c6+ Kc7 45. cxb7 Kxb7 46. b6 Kb8 47.
Rd2 Rf3 48. Rxf2 Ra3 49. Rf8+ Kb7 50. Rf7+ Kc6 51. Rc7+ Kd6 52. Rc2 Rxa5 53. b7 Rb5 54. Ra2 Rxb7 55. Rxa6+ Kd7 56. Ke2 Rb3 57. Ra7+ Kd6 58.
Ra6+ Ke7 59. Ra7+ Kf6 60. Rh7 Kf5 61. Rh4 Rg3 62. Rh6 Rg4 63. Kd3 Rg3+ 64. Kd2 Ra3 65. Rh5+ Ke4 66. Re5+ Kxd4 67. Rxe6 Ra2+ 68. Kd1 Kd3 69.
Kc1 Ra1+ 70. Kb2 Rh1 71. Rg6 d4 72. Rg3+ Kd2 73. Rg2+ Ke3 74. Rg3+ Kf2 75. Rd3 Rh4 76. Kb3 Ke2 77. Kc4 Rh8 78. Rxd4 Rc8+ 79. Kd5 Rd8+ 80. Ke5 Rxd4 81. Kxd4 1/2-1/2

[Event "*** Titled Tuesday Blitz"]
[Site "Chess.com"]
[Date "2020.04.21"]
[Round "9"]
[White "Gentlejimmy7"]
[Black "Ekka83"]
[Result "1/2-1/2"]
[WhiteElo "2572"]
[BlackElo "2312"]
[TimeControl "180+1"]
[EndTime "11:52:28 PDT"]
[Termination "Game drawn - insufficient material"]

1. d4 Nf6 2. g3 g6 3. Bg2 Bg7 4. Nf3 O-O 5. O-O d6 6. b3 d5 7. c4 c6 8. Bb2 Bf5 9. Nbd2 Nbd7 10. Ne5 Rc8 11. Ndf3 Ne4 12. e3 Be6 13. Qe2 dxc4 14. Nxc4 Nd6 15. Ncd2 Bg4 16. h3 Be6 17. Rfd1 Nb6 18.
Ne5 Bd5 19. e4 Be6 20. f4 Nb5 21. Ndf3 Rc7 22. a4 Nd6 23. a5 Bxb3 24. axb6 Bxd1 25.
bxc7 Bxe2 26. cxd8=Q Rxd8 27. Rxa7 h5 28. Kf2 Ba6 29.
Nxc6 Re8 30. Nb4 Nb5 31. Rxa6 bxa6 32. Nxa6 Rc8 33. Nb4 Rc4 34. Nd3 Rc2+ 35. Kf1 Nd6 36. Nfe1 Rd2 37. Bc3 Ra2 38. Bf3 Nc4 39. Ne5 Bxe5 40.
dxe5 Ra3 41. Bd4 e6 42. g4 hxg4 43. hxg4 Ra2 44. Bf2 Nd2+ 45. Kg2 Ra4 46. Be3 Nxe4 47. Bxe4 Rxe4 48. Kf3 Ra4 49. Nd3 Kg7 50. g5 Ra1 51.
Nf2 Rf1 52. Bc5 Rc1 53. Be7 Rc3+ 54. Kg4 Rc2 55. Kf3 Rc3+ 56. Ke4 Rg3 57. Bf6+ Kf8 58. Nd3 Rg1 59. Kf3 Ke8 60. Nf2 Rf1 61. Kg2 Ra1 62.
Ng4 Ra4 63. Kf3 Ra3+ 64. Kf2 Ra4 65. Kf3 Ra3+ 66. Ne3 Ra2 67. Ke4 Re2 68. Kd4 Rd2+ 69. Ke4 Re2 70. Bg7 Rh2 71. Ng4 Re2+ 72. Kf3 Ra2 73.
Nf6+ Ke7 74. Ng8+ Ke8 75. Nf6+ Kd8 76. Bf8 Ra1 77. Bc5 Rc1 78. Be3 Rc3 79. Ke4 Rc4+ 80. Kd3 Ra4 81. Bd2 Ra3+ 82. Kc4 Ra4+ 83. Bb4 Ra1 84.
Kc5 Rc1+ 85. Kd6 Rc4 86. Ba5+ Kc8 87. Ke7 Rxf4 88. Kxf7 Rf5 89. Kxg6 Rxe5 90. Kh6 Rxa5 91. g6 Ra1 92. g7 Rg1 93. g8=Q+ Rxg8 94. Nxg8 e5 95. Nf6 e4 96. Nxe4 1/2-1/2

[Event "*** Titled Tuesday Blitz"]
[Site "Chess.com"]
[Date "2020.04.21"]
[Round "9"]
[White "KubaGepard"]
[Black "bait_or_mate"]
[Result "0-1"]
[WhiteElo "2367"]
[BlackElo "2521"]
[TimeControl "180+1"]
[EndTime "11:52:34 PDT"]
[Termination "bait_or_mate won on time"]

1. d4 Nf6 2. Nf3 d5 3. Bf4 e6 4. e3 c5 5. c3 Nc6 6. Nbd2 cxd4 7. exd4 Nh5 8. Bg5 f6 9. Be3 Bd6 10. g3 O-O 11. Bd3 f5 12. Ne5 Nf6 13. Bf4 Ne4 14.
O-O g5 15. Nxc6 bxc6 16. Bxd6 Qxd6 17. Qe2 c5 18. f3 Nf6 19. Qe5 Qxe5 20. dxe5 Nd7 21.
f4 Rb8 22. b3 Kg7 23. Nf3 g4 24. Ne1 h5 25. Nc2 h4 26. Kg2 Rh8 27. b4 Bb7 28. Kg1 Rbc8 29. bxc5 Nxc5 30. Rab1 Rc7 31. Nd4 Bc8 32.
Bc2 hxg3 33. hxg3 Rh3 34. Kg2 Ne4 35. Bxe4 dxe4 36. Rb3 Kf7 37. Nb5 Rc5 38. Nd6+ Ke7 39. Rd1 Ba6 40. Ra3 Rc6 41. c4 Rh8 42. Rb3 Rd8 43.
Rd4 Rd7 44. Rb1 Rdc7 45. Rb4 Rc5 46. Ra4 R5c6 47. Ra5 Rb6 48. Nb5 Bxb5 49. Rxb5 Rxb5 50. cxb5 Rc2+ 51. Kf1 Rxa2 52. Rc4 Kd7 53. Rd4+ Ke7 54. Rc4 Ra5 55. Rc7+ Kd8 56. Rc6 Kd7 57. Rd6+ Ke7 58. b6 axb6 59. Rxb6 Ra1+ 60. Kf2 Ra2+ 61. Kf1 Ra1+ 62.
Kf2 Ra2+ 63. Kg1 Ra3 64. Kf2 Ra7 65. Rb3 Rd7 66. Ke3 Ra7 67. Kd4 Ra6 68. Kc5 Ra5+ 69. Kc6 Rd5 70. Rb7+ Ke8 71. Rb8+ Rd8 72. Rb3 Rd3 73.
Rb8+ Ke7 74. Rb7+ Ke8 75. Rb8+ Kf7 76. Rb7+ Kg6 77. Re7 Rxg3 78. Rxe6+ Kg7 79. Re7+ Kf8 80. Ra7 e3 81. Ra1 Rf3 82. Kd6 Rxf4 83. e6 Rd4+ 84.
Ke5 Rd2 85. Kf6 Ke8 86. Ra8+ Rd8 87. Ra1 e2 88. Kxf5 Rd1 89. Ra8+ Ke7 90. Ra7+ Kf8 91. Ra8+ Kg7 92. Ra7+ Kh6 93. e7 e1=Q 94. Ra6+ Kh5 95. Ra5 Qf1+ 96. Ke6+ Kh4 0-1

[Event "*** Titled Tuesday Blitz"]
[Site "Chess.com"]
[Date "2020.04.21"]
[Round "9"]
[White "jacky72"]
[Black "Korchmar_Vasiliy"]
[Result "0-1"]
[WhiteElo "2708"]
[BlackElo "2616"]
[TimeControl "180+1"]
[EndTime "11:54:38 PDT"]
[Termination "Korchmar_Vasiliy won by checkmate"]

1. d4 Nf6 2. c4 e6 3. Nf3 d5 4. Nc3 Bb4 5. cxd5 exd5 6. Bg5 O-O 7. e3 Bf5 8. Qb3 Bxc3+ 9. bxc3 Nbd7 10. Be2 c5 11.
O-O c4 12. Qxb7 Qb8 13. Qc6 Qb2 14. Rfe1 Qxc3 15. Ne5 Rac8 16. Qd6 Ne4 17. Qxd5 Nb6 18. Qb5 Nxg5 19. Nc6 Rxc6 20. Qxc6 Be4 21. Qb5 h6 22.
Rec1 Qd2 23. Bxc4 Rc8 24. Bxf7+ Kxf7 25. Rxc8 Nxc8 26. h4 Ne6 27. Qe5 Bb7 28. Rb1 Nb6 29. Qd6 Qc2 30. Ra1 Qe4 31. Qg3 Nc4 32. Re1 Qd3 33.
Qg4 Qe4 34. Qg3 Qd5 35. f3 Qd6 36. Qg4 Nb6 37. Kh1 Qe7 38. e4 Nxd4 39. Qf4+ Qf6 40.
Qc7+ Qe7 41. Qf4+ Kg8 42. e5 Ne6 43. Qg4 Kh7 44. Rd1 Qf7 45. Rd6 Bc8 46. Qe4+ Qg6 47. Qc6 Qb1+ 48. Kh2 Qf5 49. g3 Qxe5 50. Qc2+ Kh8 51.
Rc6 Bd7 52. Rc3 Qd5 53. Qf2 Qd4 54. Re3 Qc5 55. Qe2 Qe7 56. f4 Qf6 57. Qf3 Kh7 58.
f5 Nd4 59. Qe4 Nc4 60. Rc3 Bxf5 61. Qf4 Nd6 62. Rc5 Bg6 63. Qxf6 gxf6 64. Rd5 N4f5 65. h5 Bf7 66. Ra5 Ng7 67. Rxa7 Kg8 68. g4 Be6 69. Kg3 Ne4+ 70. Kf4 Nd6 71. a4 Bf7 72. a5 Ne6+ 73. Kg3 Nc5 74. Ra8+ Kg7 75. a6 Nxa6 76. Rxa6 Nc4 77. Ra7 Ne5 78. Kf4 Nd3+ 79.
Ke3 Ne5 80. Kf4 Nc6 81. Rc7 Nb4 82. Ra7 Nd5+ 83. Kf3 Nc3 84. Ra5 Nd5 85. Kg3 Nc7 86.
Ra7 Ne6 87. Rd7 Ng5 88. Ra7 Kf8 89. Kf4 Kg7 90. Ra8 Ne6+ 91. Kg3 Nd4 92. Ra7 f5 93. gxf5 Nxf5+ 94. Kf4 Nd4 95. Ke5 Nf3+ 96. Kf4 Ng5 97. Kg4 Kf6 98. Ra6+ Be6+ 99. Kf4 Nh3+ 100. Kg3 Ng5 101.
Kf4 Nf7 102. Rb6 Ne5 103. Ra6 Nd3+ 104. Ke3 Nc5 105. Ra5 Nd7 106. Kf4 Nb6 107. Ra6 Nd5+ 108. Kg3 Kf5 109. Kh4 Nf4 110. Ra5+ Kf6 111. Ra8 Ng2+ 112. Kg3 Ne3 113. Rh8 Kg5 114. Ra8 Nf5+ 115. Kf3 Kxh5 116. Kf4 Kg6 117. Ra6 Kf6 118. Ra8 Ne7 119. Rf8+ Kg7 120. Ra8 Bf7 121. Ke5 Ng6+ 122. Kf5 Ne7+ 123. Ke5 Ng8 124. Ra7 Nf6 125. Kf5 Nh7 126. Rb7 Nf8 127. Ra7 Ne6 128. Rb7 Nd4+ 129. Ke4 Nc6 130. Rc7 Nd8 131. Kf5 Ne6 132. Ra7 Nd4+ 133. Ke4 Nc6 134. Rc7 Nd8 135. Kf5 h5 136. Kg5 Ne6+ 137. Kh4 Nxc7 138. Kg5 Kh7 139. Kh4 Kg6 140. Kg3 Kg5 141. Kh3 Be6+ 142. Kh2 Nd5 143. Kg2 h4 144. Kh2 Kg4 145. Kh1 h3 146. Kh2 Kh4 147. Kg1 Kg3 148. Kh1 Bf5 149. Kg1 h2+ 150. Kh1 Be4# 0-1